 Dungeon Crawl Stone Soup version 0.22-a0-417-g1387785 (webtiles) character file.

149 Mgcat the Vexing (level 5, 0/28 HPs)
             Began as a Deep Elf Enchanter on May 14, 2018.
             Slain by an ogre
             ... wielding a +0 giant club
              (15 damage)
             ... on level 4 of the Dungeon.
             The game lasted 00:07:38 (2344 turns).

Mgcat the Vexing (Deep Elf Enchanter)               Turns: 2344, Time: 00:07:38

Health: 0/28       AC:  5    Str:  5    XL:     5   Next: 9%
Magic:  0/11       EV: 13    Int: 21    God:
Gold:   104        SH:  0    Dex: 15    Spells: 4/10 levels left

rFire    . . .     SeeInvis .   a - +1 dagger
rCold    . . .     Gourm    .   (no shield)
rNeg     . . .     Faith    .   b - +0 robe
rPois    +         Spirit   .   (no helmet)
rElec    .         Reflect  .   (no cloak)
rCorr    .         Harm     .   v - +0 pair of gloves (curse)
MR       .....                  o - +1 pair of boots
Stlth    +++.......             (no amulet)
HPRegen  0.09/turn              g - ring of poison resistance {rPois, !d}
MPRegen  0.12/turn              (no ring)

@: no status effects
A: no striking features
a: no special abilities


You were on level 4 of the Dungeon.
You were hungry.

You visited 1 branch of the dungeon, and saw 4 of its levels.

You collected 104 gold pieces.

Inventory:

Hand Weapons
 a - a +1 dagger (weapon)
 j - a +0 dagger of venom
   (You found it on level 1 of the Dungeon)
Armour
 b - a +0 robe (worn)
 o - a +1 pair of boots (worn)
   (You found it on level 1 of the Dungeon)
 t - a +0 buckler
   (You found it on level 2 of the Dungeon)
 v - a cursed +0 pair of gloves (worn)
   (You found it on level 3 of the Dungeon)
Jewellery
 g - a ring of poison resistance (left hand) {rPois, !d}
   (You found it on level 1 of the Dungeon)
Scrolls
 c - 6 scrolls of identify {unknown}
 h - a scroll of teleportation {unknown}
 i - a scroll of amnesia {unknown}
 l - 3 scrolls of enchant weapon {unknown}
 n - 3 scrolls of random uselessness {unknown}
 p - 2 scrolls of blinking {unknown}
 q - a scroll of magic mapping {unknown}
 s - 2 scrolls of remove curse {unknown}
 u - a scroll of enchant armour {unknown}
Potions
 k - a potion of might {unknown}
 m - a potion of agility {unknown}
 r - 2 potions of curing {unknown}
Comestibles
 d - 6 rations
 f - 4 chunks of flesh {@w0}


   Skills:
 - Level 1.0 Short Blades
 - Level 2.4 Dodging
 + Level 5.3 Stealth
 - Level 3.0 Spellcasting
 + Level 5.6 Hexes
 + Level 2.5 Ice Magic


You had 4 spell levels left.
You knew the following spells:

 Your Spells              Type           Power        Failure   Level  Hunger
a - Corona                Hex            ####...      1%          1    None
b - Ensorcelled Hibernat  Hex/Ice        ###...       3%          2    ##.....
c - Confuse               Hex            ####....     4%          3    ###....

Your spell library contained the following spells:

 Spells                   Type           Power        Failure   Level  Hunger
 Tukima's Dance           Hex            ####....     4%          3    ###....
 Dazzling Spray           Conj/Hex       ###...       13%         3    ###....


Dungeon Overview and Level Annotations

Branches:
Dungeon (4/15)
 Temple: D:4-7

Altars:


Message History

Done exploring.
Done exploring.
Done exploring.
Done exploring.
(D) Dungeon
Where to? (Enter - D:2 @ (x,y), ? - help)
What level of the Dungeon? (default 1, ? - help)
There is an open door here.
There is an open door here.
There is a stone staircase leading down here.
You climb downwards.
An adder, a worker ant, an orc and an ogre come into view.
Found 11 gold pieces and a green potion.
Found two stone staircases leading down.
There is a stone staircase leading up here.
The helpless adder fails to defend itself.
You impale the adder!!
You kill the adder!
The worker ant twitches its antennae in your direction.
There is a stone staircase leading up here.
Casting: Ensorcelled Hibernation (safe; 4% risk of failure)
Confirm with . or Enter, or press ? or * to list all spells.
Aiming: Ensorcelled Hibernation (safe; 4% risk of failure)
Press: ? - help, Shift-Dir - straight line, f - orc
Aim: an orc, wearing a scale mail (chance to defeat MR: 67%)
The orc looks drowsy...
The ogre shouts!
The helpless orc fails to defend itself.
You impale the orc!!
You kill the orc!
Casting: Ensorcelled Hibernation (safe; 4% risk of failure)
Confirm with . or Enter, or press ? or * to list all spells.
Aiming: Ensorcelled Hibernation (safe; 4% risk of failure)
Press: ? - help, Shift-Dir - straight line, f - worker ant
Aim: a worker ant (chance to defeat MR: 58%)
The worker ant looks drowsy...
The helpless worker ant fails to defend itself.
You impale the worker ant!!
You kill the worker ant!
You have reached level 5!
Casting: Ensorcelled Hibernation (safe; 3% risk of failure)
Confirm with . or Enter, or press ? or * to list all spells.
Aiming: Ensorcelled Hibernation (safe; 3% risk of failure)
Press: ? - help, Shift-Dir - straight line, f - ogre
Aim: an ogre, wielding a giant club (chance to defeat MR: 50%)
The ogre resists with some effort.
You are feeling hungry.
Casting: Ensorcelled Hibernation (safe; 3% risk of failure)
Confirm with . or Enter, or press ? or * to list all spells.
Aiming: Ensorcelled Hibernation (safe; 3% risk of failure)
Press: ? - help, Shift-Dir - straight line, f/p - ogre
Aim: an ogre, wielding a giant club (chance to defeat MR: 50%)
The ogre looks drowsy...
The helpless ogre fails to defend itself.
You impale the ogre!!
The ogre is severely wounded.
The ogre closely misses you.
Casting: Ensorcelled Hibernation (safe; 3% risk of failure)
Confirm with . or Enter, or press ? or * to list all spells.
Aiming: Ensorcelled Hibernation (safe; 3% risk of failure)
Press: ? - help, Shift-Dir - straight line, f - you, p - ogre That would be overly suicidal.
Okay, then.
Unknown command.
Unknown command.
Unknown command.
Unknown command.
Casting: Ensorcelled Hibernation (safe; 3% risk of failure)
Confirm with . or Enter, or press ? or * to list all spells.
You don't have enough magic to cast that spell.
You see here an adder corpse.
Casting: Ensorcelled Hibernation (safe; 3% risk of failure)
Confirm with . or Enter, or press ? or * to list all spells.
Aiming: Ensorcelled Hibernation (safe; 3% risk of failure)
Press: ? - help, Shift-Dir - straight line, f - you That would be overly suicidal.
Okay, then.
Casting: Ensorcelled Hibernation (safe; 3% risk of failure)
Confirm with . or Enter, or press ? or * to list all spells.
Aiming: Confuse (safe; 4% risk of failure)
Press: ? - help, Shift-Dir - straight line, f - ogre
Aim: an ogre, wielding a giant club (severely wounded, chance to defeat MR: 55%)
The ogre resists with significant effort.
The ogre misses you.
You hit the ogre.
The ogre is severely wounded.
The ogre misses you.
You hit the ogre but do no damage.
The ogre is severely wounded.
You hit the ogre.
The ogre is severely wounded.
The ogre closely misses you.
You barely miss the ogre.
The ogre is severely wounded.
The ogre hits you with a giant club!
You hit the ogre but do no damage.
The ogre is severely wounded.
The ogre hits you with a giant club!
Ouch! That really hurt!
You die...

#.# .# #.!
.#
###.##.####.
#...........
#.....>.....
#>$........#
#.<........#
#.[.O......#
#...@......#
#..........#
############


You could see an ogre.

Vanquished Creatures
  A worker ant (D:4)
  4 adders
  An ooze (D:3)
  An adder zombie (D:3)
  A worm (D:3)
  A dart slug (D:1)
  4 leopard geckos
  7 orcs
  5 giant cockroaches
  9 goblins
  6 hobgoblins
  2 jackals (D:2)
  4 kobolds
  2 quokkas
  6 bats
  5 frilled lizards
  8 rats
67 creatures vanquished.

Notes
Turn   | Place    | Note
-------+----------+-------------------------------------------
     0 | D:1      | Mgcat the Deep Elf Enchanter began the quest for the Orb.
     0 | D:1      | Reached XP level 1. HP: 10/10 MP: 6/6
   147 | D:1      | Reached skill level 4 in Stealth
   151 | D:1      | Reached XP level 2. HP: 15/15 MP: 6/8
   155 | D:1      | Learned a level 2 spell: Ensorcelled Hibernation
   700 | D:1      | Reached skill level 1 in Ice Magic
   700 | D:1      | Reached XP level 3. HP: 19/19 MP: 9/9
   705 | D:1      | Learned a level 3 spell: Confuse
  1146 | D:2      | Reached skill level 5 in Hexes
  1632 | D:3      | Reached XP level 4. HP: 21/24 MP: 3/10
  1774 | D:3      | Reached skill level 2 in Ice Magic
  1841 | D:3      | Reached skill level 5 in Stealth
  2326 | D:4      | Noticed an ogre
  2333 | D:4      | Reached XP level 5. HP: 28/28 MP: 6/11
  2344 | D:4      | Slain by an ogre

Vault maps used:
D:1:      scummos_arrival_forest, hex_tiny, columned_hall_lemuel,
          serial_bayou_pond_c
D:3:      first_ration, minivault_14, serial_bayou_ford_a,
          kennysheep_generic_room_8
D:4:      minmay_misc_feat_chi, uniq_pikel

Skill      XL: |  1  2  3  4 |
---------------+-------------+-----
Stealth        | 4 5 |  5.3
Ice Magic      | 1 2 |  2.5
Hexes          | 5 |  5.6
Short Blades   | |  1.0
Dodging        | |  2.4
Spellcasting   | |  3.0

Action                   |  1- 3 |  4- 6 || total
-------------------------+-------+-------++-------
Melee: Dagger            |    67 |    47 ||   114
 Cast: Corona            |     1 |     1 ||     2
       Ensorcelled Hiber |    29 |    18 ||    47
       Confuse           |       |     3 ||     3
 Stab: Sleeping          |    35 |    20 ||    55
       Confused          |       |     1 ||     1
  Eat: Chunk             |     3 |     3 ||     6
Armor: Robe              |    14 |    10 ||    24
Dodge: Dodged            |    44 |    23 ||    67

Table legend:
 A = Spawn XP
 B = Non-spawn XP
 C = Spawn XP percentage of total XP
 D = Spawn monster count
 E = Non-spawn monster count
 F = Spawn count percentage of total count
 G = Total turns spent on level
                    A         B        C        D         E        F      G
               +---------+---------+-------+---------+---------+-------+---------
         Total |       0 |     214 |   0.0 |       0 |      67 |   0.0 |  2344
               +---------+---------+-------+---------+---------+-------+---------
           D:1 |       0 |      47 |   0.0 |       0 |      26 |   0.0 |   985
           D:2 |       0 |      35 |   0.0 |       0 |      12 |   0.0 |   508
           D:3 |       0 |      84 |   0.0 |       0 |      26 |   0.0 |   833
           D:4 |       0 |      48 |   0.0 |       0 |       3 |   0.0 |    18
               +---------+---------+-------+---------+---------+-------+---------

Vault maps used:
D:1:      scummos_arrival_forest, hex_tiny, columned_hall_lemuel,
          serial_bayou_pond_c
D:3:      first_ration, minivault_14, serial_bayou_ford_a,
          kennysheep_generic_room_8
D:4:      minmay_misc_feat_chi, uniq_pikel

Table legend:
 A = Turns spent in this place as a percentage of turns spent in the entire game.
 B = Non-inter-level travel turns spent in this place as a percentage of non-inter-level travel turns spent in the entire game.
 C = Inter-level travel turns spent in this place as a percentage of turns spent in this place.
 D = Turns resting spent in this place as a percentage of non-inter-level travel turns spent in this place.
 E = Turns spent auto-exploring this place as a percentage of non-inter-level travel turns spent in this place.
 F = Non-inter-level travel turns spent in this place divided by the number of levels of this place that you've seen.
                   A       B       C       D       E      F
               +-------+-------+-------+-------+-------+----------------------
         Total | 100.0 | 100.0 |   2.9 |   0.0 |  75.0 | 569.0
       Dungeon | 100.0 | 100.0 |   2.9 |   0.0 |  75.0 | 569.0
               +-------+-------+-------+-------+-------+----------------------

Table legend:
 A = Kills in this place as a percentage of kills in entire the game.
 B = Kills by you in this place as a percentage of kills by you in the entire game.
 C = Kills by friends in this place as a percentage of kills by friends in the entire game.
 D = Other kills in this place as a percentage of other kills in the entire game.
 E = Experience gained in this place as a percentage of experience gained in the entire game.
 F = Experience gained in this place divided by the number of levels of this place that you have seen.
                   A       B       C       D       E      F
               +-------+-------+-------+-------+-------+----------------------
         Total | 100.0 | 100.0 |   N/A |   N/A | 100.0 |  53.5
       Dungeon | 100.0 | 100.0 |   N/A |   N/A | 100.0 |  53.5
               +-------+-------+-------+-------+-------+----------------------
